 Dungeon Crawl Stone Soup version 0.30-b1-2-g02819fbbbe (webtiles) character file.

Game seed: 2572083733976782936

828 Fartwhistle the Changer (level 7, -3/61 HPs)
             Began as a Naga Transmuter on June 6, 2023.
             Succumbed to their own poison gas
             ... on level 6 of the Dungeon.
             The game lasted 00:12:18 (4979 turns).

Fartwhistle the Changer (Naga Transmuter)           Turns: 4979, Time: 00:12:18

Health: -3/61      AC:  2    Str: 12    XL:     7   Next: 97%
Magic:  11/13      EV: 18    Int: 16    God:
Gold:   158        SH:  5    Dex: 16    Spells: 4/14 levels left

rFire   . .          .
                       - Unarmed
rCold   . . .        (shield currently unavailable)
rNeg    . . .        w - melded +2 robe {Will+}
rPois   x            (helmet currently unavailable)
rElec   .            a - melded +0 cloak
rCorr   .            (gloves currently unavailable)
SInv    +            (no barding)
Will    .....        n - amulet of reflection
Stlth   +            (no ring)
HPRegen 0.30/turn    (no ring)
MPRegen 0.13/turn

%: reflection
@: lethally poisoned (-3 -> -55), spider-form (expiring)
A: venomous fangs, AC +2, tiny, see invisible, (deformed body), (poison
resistance), (slowness 2), spit poison 1, (naga tail 1)
a: Spit Poison, End Transformation


You were on level 6 of the Dungeon.
You were a venomous arachnid creature.
You visited 1 branch of the dungeon, and saw 6 of its levels.

You collected 158 gold pieces.

Inventory:

Missiles
 k - 11 poisoned darts
Armour
 a - a +0 cloak (melded)
 w - a +2 robe of willpower (melded)
Jewellery
 n - an amulet of reflection (around neck)
Wands
 t - a wand of roots (4)
Scrolls
 b - 3 scrolls of enchant armour
 d - a scroll of vulnerability {unknown}
 g - a scroll of summoning {unknown}
 i - 2 scrolls of poison
 j - a scroll of torment {unknown}
 m - a scroll of fear {unknown}
 o - 2 scrolls of amnesia {unknown}
 s - a scroll of enchant weapon {unknown}
 u - 2 scrolls of teleportation {unknown}
Potions
 c - 3 potions of curing
 e - 2 potions of heal wounds
 f - 2 potions of lignification
 h - 2 potions of degeneration {unknown}
 l - a potion of brilliance {unknown}
 p - a potion of resistance
 q - a potion of cancellation
 r - a potion of flight
 v - a potion of attraction {unknown}


   Skills:
 + Level 2.8 Fighting
 - Level 1.5 Dodging
 + Level 4.2 Unarmed Combat
 + Level 4.0 Spellcasting
 * Level 6.0 Transmutations
 - Level 2.0 Ice Magic
 - Level 2.0 Poison Magic


You had 4 spell levels left.
You knew the following spells:

 Your Spells              Type           Power      Damage    Failure   Level
a - Beastly Appendage     Tmut           44%        N/A       6%          1
b - Wereblood             Tmut           22%        N/A       8%          2
c - Spider Form           Tmut/Pois      16%        N/A       24%         3
d - Ice Form              Ice/Tmut       16%        N/A       54%         4

Your spell library contained the following spells:

 Spells                   Type           Power      Damage    Failure   Level
 Apportation              Tloc           6%         N/A       36%         1
 Necrotise                Necr           12%        1d4       36%         1
 Summon Small Mammal      Summ           12%        N/A       36%         1
 Call Canine Familiar     Summ           3%         N/A       67%         3
 Dazzling Flash           Conj/Hex       6%         N/A       67%         3
 Summon Guardian Golem    Hex/Summ       3%         N/A       67%         3
 Volatile Blastmotes      Fire/Tloc      6%         2d10      67%         3
 Iskenderun's Mystic Bla  Conj/Tloc      3%         2d3       95%         4
 Alistair's Intoxication  Tmut/Pois      10%        N/A       83%         5
 Starburst                Conj/Fire      1%         6d3       100%        6


Dungeon Overview and Level Annotations

Branches:
Dungeon (6/15)             Temple (0/1) D:6

Altars:
Xom

Shops:
D:2 *

Annotations:
D:6 Maggie


Innate Abilities, Weirdness & Mutations

You are a venomous arachnid creature.
You have venomous fangs.
You are tiny and dextrous.
Your spellcasting is less reliable in this form.
Your armour is entirely melded.
You are incapable of wielding weapons or throwing items.
((Your serpentine skin is tough. (AC +2)))
You have supernaturally acute eyesight. (SInv)
((Armour fits poorly on your strangely shaped body.))
((Your system is resistant to poisons. (rPois)))
((You cover ground very slowly.))
You can spit poison.
((You have a snake-like lower body.))


Message History

You hit the phantom but do no damage.
The phantom is moderately damaged.
The bullfrog gives a loud, deep croak!
The phantom hits you.
The phantom blinks!
You blink.
Maggie, a water moccasin and 2 ogres come into view.
Maggie is wielding a +1 heavy glaive and carrying a wand of mindburst (15).
Found a tiny copper amulet.
The helpless ogre fails to defend itself.
You bite the ogre!
The ogre is poisoned.
The ogre is moderately wounded.
Your transformation is almost over.
The ogre shouts!
You hear a shout!
An orc comes into view. It is wielding a +0 hand axe.
The phantom hits you but does no damage.
You block the ogre's attack. The phantom attacks as you move away!
The phantom barely misses you.
Maggie shouts!
The water moccasin hisses angrily.
You bite the ogre!
The ogre is severely wounded.
You hear a shout!
The phantom hits you.
The phantom blinks!
You blink.
The ogre completely misses you.
You hit the ogre.
The ogre is severely wounded.
The phantom hits you.
An orc comes into view. It is wielding a +0 trident.
The air fills with toxic fumes!
As you read the scroll labelled BIGIZISM VURGHU, it crumbles to dust.
It was a scroll of poison.
Maggie completely misses you.
The ogre hits you with a +0 giant spiked club!!
The phantom hits you.
The phantom blinks!
You blink.
Found 12 gold pieces.
You are engulfed in poison gas.
You are lethally poisoned!
You feel extremely sick. You block the phantom's attack.
The phantom attacks as you move away! The phantom hits you.
* * * LOW HITPOINT WARNING * * *
You are engulfed in poison gas.
You are more poisoned.
* * * LOW HITPOINT WARNING * * *
You die...

###### #...##
..§#§b......#### #
#§§§#####......
..#####§§§##...#....
....§§§§§§§F.#§#.....b
....o§§§SoOO§§§§......
....§§§§§§§§§§§#...._.
.$..§§§§§§§@§#........
....§§§s§W§§§§.#....
....§§§§§§§§§###..."
....§§§§§§§§§# ###
####§§§§§§§§§#
#§§§§§§§§§#
#.........#
###########


You could see Maggie, a water moccasin, 2 ogres, a phantom, a bullfrog and 2
orcs.

Vanquished Creatures
  A black bear (D:5)
  An ogre (D:5)
  3 orc priests (D:5)
  A jelly (D:5)
  Ijyb (D:3)
  A sleepcap (D:5)
  Terence (D:3)
  3 iguanas (D:5)
  2 orc wizards
  Natasha (thrice) (D:4)
  Robin (D:2)
  7 adders
  7 gnolls
  2 ufetubi (D:5)
  2 worms
  4 dart slugs
  14 orcs
  5 ball pythons
  6 endoplasms
  3 giant cockroaches (D:4)
  6 hobgoblins
  2 jackals (D:3)
  4 quokkas
  4 bats
  4 frilled lizards
  11 goblins
  8 kobolds
  4 rats
111 creatures vanquished.

Notes
Turn   | Place    | Note
-------+----------+-------------------------------------------
     0 | D:1      | Fartwhistle the Naga Transmuter began the quest for the
                  | Orb.
     0 | D:1      | Reached XP level 1. HP: 18/18 MP: 3/3
   266 | D:1      | Found a faded altar of an unknown god.
   279 | D:1      | Reached XP level 2. HP: 22/25 MP: 3/5
   422 | D:1      | Learned a level 2 spell: Wereblood
   491 | D:1      | Reached skill level 3 in Transmutations
   496 | D:1      | Reached XP level 3. HP: 16/31 MP: 6/6
   859 | D:1      | Learned a level 3 spell: Spider Form
   999 | D:2      | Reached XP level 4. HP: 25/38 MP: 6/8
  1056 | D:2      | Found Xoky's General Store.
  1272 | D:2      | Noticed Robin
  1280 | D:2      | Reached skill level 1 in Poison Magic
  1283 | D:2      | Killed Robin
  1577 | D:2      | Reached skill level 4 in Transmutations
  1577 | D:2      | Reached XP level 5. HP: 36/44 MP: 4/9
  1642 | D:2      | Identified the +0 scale mail of Fortitude {-Tele Harm
                  | Str+6}
  2277 | D:3      | Noticed Ijyb
  2294 | D:3      | Killed Ijyb
  2294 | D:3      | Noticed Terence
  2308 | D:3      | Killed Terence
  2664 | D:4      | Reached XP level 6. HP: 49/51 MP: 6/10
  2676 | D:4      | Learned a level 4 spell: Ice Form
  2752 | D:4      | Noticed Natasha
  2768 | D:4      | Killed Natasha
  2944 | D:4      | Noticed Natasha
  2970 | D:4      | Killed Natasha
  2971 | D:4      | Reached skill level 5 in Transmutations
  3718 | D:4      | Noticed Natasha
  3725 | D:4      | Killed Natasha
  3821 | D:5      | Entered Level 5 of the Dungeon
  3839 | D:5      | Reached skill level 1 in Ice Magic
  4123 | D:5      | Reached XP level 7. HP: 53/60 MP: 8/12
  4865 | D:5      | Reached skill level 6 in Transmutations
  4967 | D:6      | Found a staircase to the Ecumenical Temple.
  4971 | D:6      | Found a shimmering altar of Xom.
  4972 | D:6      | Noticed Maggie
  4979 | D:6      | Succumbed to their own poison gas

Illustrated notes

Levels and vault maps discovered:
D:1:      minmay_arrival_shoal_huts, layout_basic,
          ebering_ecumenical_altar_sacrificial
D:2:      layout_rooms, serial_shops, shop, kennysheep_cross_bottleneck,
          uniq_robin
D:3:      layout_basic, uniq_ijyb, uniq_terence
D:4:      layout_basic, uniq_natasha
D:5:      layout_basic
D:6:      layout_rooms, xom_butterflies, bloody_makhleb,
          minmay_temple_entry_large_hall, uniq_maggie

Skill      XL: |  1  2  3  4  5  6  7 |
---------------+----------------------+-----
Transmutations | 3 4 5 6 |  6.0
Poison Magic   | 1 2 |  2.0
Spellcasting   | 3 4 |  4.0
Fighting       | 2 |  2.8
Ice Magic      | 1 2 |  2.0
Unarmed Combat | 4 |  4.2
Dodging        | |  1.5

Action                     |  1- 3 |  4- 6 |  7- 9 || total
---------------------------+-------+-------+-------++-------
  Melee: Unarmed           |    98 |   234 |   106 ||   438
         Headbutt          |     8 |       |       ||     8
         Punch             |     1 |     3 |     2 ||     6
  Throw: Dart              |       |     2 |     2 ||     4
   Cast: Beastly Appendage |    12 |     4 |       ||    16
         Wereblood         |     1 |     1 |       ||     2
         Spider Form       |       |    18 |     7 ||    25
Ability: Spit Poison       |    12 |    10 |     2 ||    24
  Evoke: Wand              |       |     2 |       ||     2
    Use: Potion            |     1 |     1 |       ||     2
         Scroll            |       |     5 |     2 ||     7
   Stab: Sleeping          |       |     1 |     1 ||     2
 Armour: Robe              |    20 |    27 |     8 ||    55
         Skin              |     3 |     8 |     4 ||    15
  Dodge: Dodged            |    56 |   130 |    60 ||   246
  Block: Other             |       |    38 |    16 ||    54
         Reflection        |       |     1 |     1 ||     2
